 Dungeon Crawl Stone Soup version 0.29.1-15-g9cfb28693d (webtiles) character file.

Game seed: 563453875090179436

187 leafyfresh the Sneak (level 5, -3/34 (37) HPs)
             Began as an Octopode Delver on Feb 24, 2023.
             Slain by an orc wizard
             ... wielding a +0 dagger of draining
              (5 damage)
             ... on level 5 of the Dungeon.
             The game lasted 00:00:53 (733 turns).

leafyfresh the Sneak (Octopode Delver)               Turns: 733, Time: 00:00:54

HP:   -3/34 (37)    AC:  1    Str: 11    XL:     5   Next: 66%
MP:   5/5           EV: 14    Int: 14    God:
Gold: 41            SH:  0    Dex: 14    Spells: 4/4 levels left

rFire   . . .      SeeInvis .   a - +0 short sword
rCold   . . .      Faith    .   (no shield)
rNeg    . . .      Spirit   .   (helmet restricted)
rPois   .          Reflect  .   (no amulet)
rElec   .          Harm     .   (no ring)
rCorr   .          Rampage  .   (no ring)
Will    .....                   (no ring)
Stlth   +++++.....              (no ring)
HPRegen 0.11/turn               (no ring)
MPRegen 0.09/turn               (no ring)
                                (no ring)
                                (no ring)

@: drained
A: almost no armour, amphibious, 8 rings, camouflage 1, gelatinous body 1,
(nimble swimmer 1), tentacles
a: no special abilities


You were on level 5 of the Dungeon.
You visited 1 branch of the dungeon, and saw 2 of its levels.

You collected 41 gold pieces.

Inventory:

Hand Weapons
 a - a +0 short sword (weapon)
Missiles
 i - 3 silver boomerangs (quivered)
Wands
 f - a wand of digging (3)
 g - a wand of flame (10)
Scrolls
 b - a scroll of fog
 c - a scroll of magic mapping
 d - a scroll of fear
 j - a scroll of identify {unknown}
 m - a scroll of vulnerability {unknown}
Potions
 e - a potion of haste
 h - a potion of brilliance {unknown}
 k - a potion of curing {unknown}
 l - a potion of flight {unknown}


   Skills:
 + Level 4.0 Fighting
 + Level 3.2 Short Blades
 + Level 3.3 Dodging
 + Level 7.6 Stealth


You had 4 spell levels left.
You didn't know any spells.
Your spell library was empty.

Dungeon Overview and Level Annotations

Branches:
Dungeon (5/15)
 Temple: D:4-7

Altars:
Wu Jian

Annotations:
D:4 Pikel


Innate Abilities, Weirdness & Mutations

You cannot wear most types of armour.
You are amphibious.
You can wear up to eight rings at the same time.
Your skin changes colour to match your surroundings (Stealth+).
Your rubbery body absorbs attacks. (AC +1, EV +1)
((You are camouflaged when in or above water. (Stealth+)))
You have tentacles for arms and can constrict up to eight enemies at once.


Message History

The orc is moderately wounded.
You constrict the orc.
A jelly comes into view.
The orc misses you.
The jelly quivers.
You hit the orc but do no damage. You squeeze the orc.
The orc is severely wounded.
You constrict the orc. The orc hits you with a +0 whip.
You hit the orc but do no damage. You squeeze the orc.
You kill the orc!
The orc wizard gestures wildly while chanting.
The orc wizard flickers and vanishes!
Deactivating autopickup; reactivate with Ctrl-A.
Things that are here:
a +0 whip; a +0 chain mail You hit the orc.
You grab the orc.
The orc is severely wounded.
You constrict the orc. The orc hits you with a +0 club.
You hit the orc.
You kill the orc!
You hit the orc but do no damage. You grab the orc. You constrict the orc.
The orc hits you with a +0 short sword.
You hit the orc but do no damage. You squeeze the orc.
The orc is moderately wounded.
You constrict the orc. The orc hits you with a +0 short sword.
You hit the orc but do no damage. You squeeze the orc, but do no damage.
The orc is heavily wounded.
You constrict the orc, but do no damage.
The orc hits you with a +0 short sword.
You hit the orc.
You kill the orc!
Something hits you.
You feel drained.
You miss something. Something hits you.
You feel drained.
You closely miss something.
You hear some strange, mumbled words.
A puff of flame appears from out of thin air!
The puff of flame hits you!
* * * LOW HITPOINT WARNING * * *
You hit something. Your squeeze misses something. Something hits you.
You die...

#.....# #.#####
######### #.....#
#......
........#########.....#
#.#####
........)).J.o...#.†..#
#.#
........########.#.####
#.# ........# #J#.# #.#
### ......oo#
#o#.########.###..
.....$.o#
#{#...............
......o.#
#@#.############..
........#
#.#...............
........#
##.................
.........
#...##########.....
.........
#>.................
#############.....#
#.#.#.# #.#.#.# #.#.#..


You could see a jelly and an orc.

Vanquished Creatures
  A necrophage (D:5)
  A hound (D:5)
  An iguana (D:5)
  2 orc wizards (D:5)
  An adder (D:5)
  6 orcs (D:5)
12 creatures vanquished.

Notes
Turn   | Place    | Note
-------+----------+-------------------------------------------
     0 | D:5      | leafyfresh the Octopode Delver began the quest for the Orb.
     0 | D:5      | Reached XP level 1. HP: 16/16 MP: 1/1
    17 | D:5      | Reached XP level 2. HP: 12/21 MP: 2/2
   395 | D:4      | Noticed Pikel
   395 | D:4      | Noticed a lemure
   395 | D:4      | Noticed a lemure
   395 | D:4      | Noticed a lemure
   395 | D:4      | Noticed a lemure
   395 | D:4      | Found an ornate altar of the Wu Jian Council.
   430 | D:5      | Reached skill level 7 in Stealth
   430 | D:5      | Reached XP level 3. HP: 26/26 MP: 3/3
   471 | D:5      | Noticed a necrophage
   474 | D:5      | Killed a necrophage
   475 | D:5      | Reached XP level 4. HP: 33/33 MP: 4/4
   482 | D:5      | Reached XP level 5. HP: 37/37 MP: 5/5
   733 | D:5      | Slain by an orc wizard

Illustrated notes

Levels and vault maps discovered:
D:4:      layout_basic, nicolae_ru_sacrificial_ziggurat,
          mainiacjoe_overflow_catwalk, gammafunk_ghost_gnarly_gnolls,
          nicolae_shop_self_help, uniq_pikel, uniq_blork_the_orc, uniq_duvessa
D:5:      layout_basic

Skill      XL: |  1  2  3  4  5 |
---------------+----------------+-----
Stealth        | 7 |  7.6
Short Blades   | 3 |  3.2
Dodging        | 3 |  3.3
Fighting       | 4 |  4.0

Action                   |  1- 3 |  4- 6 || total
-------------------------+-------+-------++-------
Melee: Short sword       |     8 |    26 ||    34
       Tentacles         |     3 |     8 ||    11
       Constrict         |     3 |     7 ||    10
Throw: Boomerang         |     1 |       ||     1
 Stab: Sleeping          |     1 |     1 ||     2
Dodge: Dodged            |     5 |     7 ||    12
